 Dungeon Crawl Stone Soup version 0.31-a0-1529-g7bd419a0e5 (webtiles) character file.

Game seed: 10829823732168655475

10892 olourkin the Cleaver (level 11, 0/84 HPs)
             Began as a Vine Stalker Berserker on Jan 1, 2024.
             Was an Elder of Trog.
             Succumbed to a killer bee's poison
             ... on level 1 of the Lair of Beasts.
             The game lasted 01:00:30 (11356 turns).

olourkin the Cleaver (Vine Stalker Berserker)      Turns: 11356, Time: 01:00:31

Health: 0/84       AC: 14    Str: 24    XL:     11   Next: 69%
Magic:  10/12      EV:  7    Int:  7    God:    Trog [****..]
Gold:   545        SH:  5    Dex: 14    Spells: 10/10 levels left

rFire   . . .        T - +2 hand axe (flame)
rCold   . . .        r - +0 buckler
rNeg    + . .        w - +1 plate armour
rPois   .            l - +0 helmet
rElec   .            S - scarf {repulsion}
rCorr   .            (no gloves)
SInv    .            (no boots)
Will    ++...        (no amulet) Stlth
                     y - ring of willpower
HPRegen 1.14/turn    A - ring of positive energy
MPRegen 0.13/turn

%: repel missiles, guardian spirit
@: berserking (expiring), lethally poisoned (0 -> -4), very quick
A: fangs 3, regeneration 1, magic shield, antimagic bite, no potion heal 2
a: Renounce Religion, Berserk, Trog's Hand, Brothers in Arms


You were on level 1 of the Lair of Beasts.
You worshipped Trog.
Trog was greatly pleased with you.
You visited 2 branches of the dungeon, and saw 11 of its levels.

You collected 545 gold pieces.

Inventory:

Hand Weapons
 a - a +0 hand axe
 T - a +2 hand axe of flaming (weapon)
Missiles
 j - 81 stones
 k - 7 javelins (quivered)
 m - 6 datura-tipped darts
 s - 17 poisoned darts
Armour
 l - a +0 helmet (worn)
 p - a +0 chain mail
 r - a +0 buckler (worn)
 u - an orb of wrath
 w - a +1 plate armour (worn)
 L - a +0 troll leather armour
 S - a scarf of repulsion (worn)
 V - a +0 pair of gloves
 W - +0 acid dragon scales
Jewellery
 n - a ring of ice
 y - a ring of willpower (left hand)
 A - a ring of positive energy (right hand)
 N - an amulet of regeneration
 P - an amulet of magic regeneration
 Q - an amulet of faith {!P}
Wands
 c - a wand of polymorph (7)
 x - a wand of charming (16)
 E - a wand of iceblast (14)
 I - a wand of light (6)
 O - a wand of flame (11)
Scrolls
 b - 2 scrolls of blinking
 d - 6 scrolls of identify
 h - 6 scrolls of teleportation
 o - 2 scrolls of immolation {!r}
 t - 2 scrolls of amnesia
 z - 4 scrolls of poison {!r}
 C - a scroll of enchant armour
 M - 2 scrolls of torment {!r}
Potions
 e - 6 potions of curing {unknown}
 f - 2 potions of degeneration {unknown}
 g - 4 potions of heal wounds
 i - 2 potions of lignification {unknown}
 q - 2 potions of might
 v - a potion of ambrosia {!e}
 B - a potion of resistance {unknown}
 F - 3 potions of magic {unknown}
 G - 3 potions of brilliance {unknown}
 H - a potion of experience {unknown}
 J - a potion of invisibility {unknown}
 K - a potion of mutation {unknown}


   Skills:
 + Level 5.7 Fighting
 - Level 14.1 Axes
 + Level 5.1 Armour
 - Level 1.5 Dodging
 + Level 5.2 Shields


You had 10 spell levels left.
You didn't know any spells.
Your spell library was empty.

Dungeon Overview and Level Annotations

Branches:
Dungeon (10/15)            Temple (0/1) D:5            Lair (1/5) D:10
    Orc: D:9-12

Altars:
Cheibriados
Gozag
Makhleb
Qazlal

Shops:
D:5 ([*   D:8 ?

Annotations:
D:4 2 transporters, Dazliare's ghost, novice OnSu


Innate Abilities, Weirdness & Mutations

You have razor-sharp teeth.
Your natural rate of healing is unusually fast.
When hurt, damage is shared between your health and your magic reserves.
Your bite disrupts and absorbs the magic of your enemies.
Potions cannot restore your health.


Message History

You miss the killer bee. Your bite misses the killer bee.
The killer bee is almost dead.
You closely miss the killer bee.
* * * LOW HITPOINT WARNING * * *
You feel very sick.
You miss the killer bee.
The killer bee is almost dead.
You slash the killer bee! You burn the killer bee.
* * * LOW HITPOINT WARNING * * *
You feel sick. The killer bee barely misses you.
You block the killer bee's attack.
You slash the killer bee! You burn the killer bee.
You kill the killer bee!
Trog accepts your kill.
You miss the killer bee.
* * * LOW HITPOINT WARNING * * *
You feel very sick.
The killer bee stings you but does no damage.
You are too berserk!
You hit the killer bee. You burn the killer bee. You bite the killer bee!
You drain its power.
You feel invigorated.
The killer bee is almost dead.
You slash the killer bee! You burn the killer bee.
You kill the killer bee!
Trog accepts your kill.
* * * LOW HITPOINT WARNING * * *
You feel sick.
The killer bee stings you but does no damage.
You hit the killer bee. You burn the killer bee.
You kill the killer bee!
Trog accepts your kill.
You miss the killer bee.
* * * LOW HITPOINT WARNING * * *
You feel sick. The killer bee stings you.
Unknown command.
You barely miss the killer bee. Your bite misses the killer bee.
You slash the killer bee! You burn the killer bee.
You kill the killer bee!
Trog accepts your kill.
You die...

......P#
##...... ......
..... #...#####
#...#.!..
#†$...!.!
##yy.# #@#..#
##†..#
##..########
#......#...
##........#
#.........#
#........##
#...>.....####
##...........##


You could see 2 killer bees.

Vanquished Creatures
  A centaur warrior (D:10)
  A two-headed ogre (D:10)
  Erica (D:9)
  A komodo dragon (D:10)
  2 trolls
  A wraith (D:10)
  A vampire (D:10)
  17 yaks
  A wyvern (D:8)
  Eustachio (D:5)
  A steam dragon (D:8)
  A warg (D:10)
  Grum (D:8)
  Menkaure (D:7)
  An acid dragon (D:10)
  3 orc warriors
  2 sky beasts
  3 black bears
  4 ice beasts
  2 centaurs
  4 wolves
  2 phantoms
  2 bullfrogs
  A kobold brigand (D:7)
  2 gnoll sergeants
  2 scorpions
  3 wights (D:7)
  32 killer bees
  2 bombardier beetles
  4 howler monkeys
  A lava snake (D:10)
  3 hounds
  A jelly (D:6)
  6 orc priests
  An iguana (D:4)
  A gnoll bouda (D:7)
  A sleepcap (D:6)
  6 orc wizards
  Robin (D:2)
  12 gnolls
  9 adders
  A shadow imp (D:7)
  2 white imps
  4 dart slugs
  A ribbon worm (D:6)
  20 orcs
  5 ball pythons
  4 endoplasms
  3 giant cockroaches
  9 hobgoblins
  5 jackals (D:1)
  6 quokkas
  6 bats
  3 frilled lizards
  11 goblins
  10 kobolds
232 creatures vanquished.

Vanquished Creatures (collateral kills)
  2 orc wizards (D:10)
  2 orcs (D:10)
4 creatures vanquished.

Vanquished Creatures (others)
  A centaur (D:10)
1 creature vanquished.

Grand Total: 237 creatures vanquished

Notes
Turn   | Place    | Note
-------+----------+-------------------------------------------
     0 | D:1      | olourkin the Vine Stalker Berserker began the quest for the
                  | Orb.
     0 | D:1      | Reached XP level 1. HP: 11/11 MP: 2/2
    91 | D:1      | Reached skill level 3 in Axes
   161 | D:1      | Reached XP level 2. HP: 16/16 MP: 3/3
   497 | D:1      | Reached XP level 3. HP: 19/19 MP: 2/4
  1289 | D:2      | Reached skill level 4 in Axes
  1434 | D:2      | Found an opulent altar of Gozag.
  1454 | D:2      | Noticed Robin
  1469 | D:2      | Killed Robin
  1475 | D:2      | Reached XP level 4. HP: 23/23 MP: 3/5
  1475 | D:2      | Reached ** piety under Trog
  1966 | D:3      | Reached skill level 5 in Axes
  1966 | D:3      | Reached XP level 5. HP: 12/27 MP: 2/6
  2129 | D:3      | Found a faded altar of an unknown god.
  2549 | D:4      | Noticed a black bear
  2998 | D:4      | Reached skill level 6 in Axes
  2998 | D:4      | Reached XP level 6. HP: 23/32 MP: 5/7
  3383 | D:4      | Found a transporter.
  3386 | D:4      | Noticed Dazliare's ghost (novice OnSu)
  3454 | D:4      | Found a transporter.
  3539 | D:4      | Killed a black bear
  3660 | D:4      | Reached skill level 7 in Axes
  3660 | D:4      | Reached XP level 7. HP: 35/35 MP: 8/8
  3953 | D:5      | Entered Level 5 of the Dungeon
  3981 | D:5      | Found Qofasetu's Assorted Antiques.
  4304 | D:5      | Reached skill level 8 in Axes
  4485 | D:5      | Gained mutation: You have razor-sharp teeth. [Vine Stalker
                  | growth]
  4485 | D:5      | Reached XP level 8. HP: 39/39 MP: 9/9
  4567 | D:5      | Found Saoningai's Weapon Boutique.
  4596 | D:5      | Noticed Eustachio
  4623 | D:5      | Killed Eustachio
  4624 | D:5      | Reached skill level 9 in Axes
  4653 | D:5      | Found Laheihi's Antique Armour Shop.
  4750 | D:5      | Found a staircase to the Ecumenical Temple.
  5007 | D:6      | Noticed a yak
  5009 | D:6      | Noticed a yak
  5216 | D:6      | Found a stormy altar of Qazlal.
  5334 | D:6      | Reached skill level 10 in Axes
  5414 | D:6      | Reached *** piety under Trog
  5639 | D:6      | You fall into a shaft and drop 1 floor!
  5679 | D:7      | Reached XP level 9. HP: 43/43 MP: 7/10
  5838 | D:7      | Reached skill level 11 in Axes
  5952 | D:7      | Noticed Menkaure
  5960 | D:7      | Killed Menkaure
  6168 | D:7      | Found a burning altar of Makhleb.
  6273 | D:6      | Reached skill level 12 in Axes
  6303 | D:6      | Reached XP level 10. HP: 19/47 MP: 8/11
  6698 | D:6      | Found a snail-covered altar of Cheibriados.
  6756 | D:6      | Reached skill level 13 in Axes
  6973 | D:8      | Noticed Grum
  6984 | D:8      | Killed Grum
  7016 | D:8      | Found Onots's Magic Scroll Emporium.
  8341 | D:9      | Reached skill level 14 in Axes
  8341 | D:9      | Reached skill level 1 in Shields
  8489 | D:9      | Noticed Erica
  8511 | D:9      | Killed Erica
  8511 | D:9      | Reached **** piety under Trog
  8527 | D:9      | HP: 1/49 [orc priest/divine providence (11)]
  8998 | D:9      | Reached XP level 11. HP: 49/53 MP: 12/12
  9329 | D:10     | Entered Level 10 of the Dungeon
  9694 | D:10     | Noticed a centaur warrior
  9707 | D:10     | Killed a centaur warrior
  9946 | D:10     | Noticed a two-headed ogre
  9959 | D:10     | Killed a two-headed ogre
  9960 | D:10     | Reached skill level 5 in Fighting
 10300 | D:10     | Found a staircase to the Lair.
 10984 | Lair:1   | Entered Level 1 of the Lair of Beasts
 11324 | Lair:1   | Reached skill level 5 in Shields
 11334 | Lair:1   | Reached skill level 5 in Armour
 11353 | Lair:1   | HP: 3/84 [poisoned by a killer bee]
 11355 | Lair:1   | HP: 1/84 [poisoned by a killer bee]
 11356 | Lair:1   | Succumbed to a killer bee's poison

Illustrated notes

Levels and vault maps discovered:
D:1:      erik_arrival_blinker_ship, layout_loops_ring, minmay_unequal
D:2:      layout_loops_cross, basic_altar, kennysheep_generic_room_3, uniq_robin
D:3:      layout_rooms, shapermc_ecumenical_altar_notcrosses,
          minmay_misc_feat_secret_circle, nicolae_titane
D:4:      layout_basic, gammafunk_ghost_mausoleum
D:5:      layout_basic, minmay_temple_entry_from_below_b, serial_shops,
          nicolae_square_shop, nicolae_shop_hallway_plus, nicolae_stop_n_shop_1,
          uniq_eustachio
D:6:      layout_basic, grunt_qazlal_clouds, slow_altar_2, minmay_fountain_box,
          patterned_corridor
D:7:      layout_rooms, lemuel_doored_altar, uniq_menkaure
D:8:      layout_basic, serial_shops, shop, serial_corexii_hall,
          corexii_hall_statues_u, corexii_hall_statues_i,
          corexii_hall_statues_deadend, uniq_grum
D:9:      lemuel_ice_spiral_2, layout_basic, uniq_erica
D:10:     layout_stronghold, erik_lair_orcish_takeover,
          amcnicky_mini_pool_medium
Lair:1:   layout_cave_pods, special_room [special_room_bee], uniq_urug

Skill      XL: |  1  2  3  4  5  6  7  8  9 10 11 |
---------------+----------------------------------+-----
Axes           | 3 4 5 6 7 8 10 12 14 | 14.1
Armour         | 3 5 |  5.1
Shields        | 3 5 |  5.2
Fighting       | 3 5 |  5.7
Dodging        | |  1.5

Action                     |  1- 3 |  4- 6 |  7- 9 | 10-12 || total
---------------------------+-------+-------+-------+-------++-------
  Melee: Hand axe          |    63 |   117 |   309 |   452 ||   941
         Bite              |     4 |    24 |    76 |   151 ||   255
  Throw: Stone             |     8 |       |       |       ||     8
         Boomerang         |    16 |    13 |       |       ||    29
         Javelin           |       |       |    16 |    12 ||    28
         Dart              |       |       |       |    10 ||    10
 Invoke: Berserk           |     1 |     3 |     6 |     7 ||    17
         Trog's Hand       |       |       |     1 |     1 ||     2
    Use: Scroll            |       |     7 |     1 |     7 ||    15
         Potion            |       |       |     1 |       ||     1
   Stab: Sleeping          |     2 |       |       |       ||     2
 Armour: Animal skin       |    25 |       |       |       ||    25
         Chain mail        |     8 |    67 |   185 |   248 ||   508
         Plate armour      |       |       |       |    44 ||    44
  Dodge: Dodged            |    41 |    32 |   104 |   127 ||   304
         Repelled          |       |       |       |     2 ||     2
  Block: Buckler           |       |    13 |    28 |    62 ||   103

Table legend: (Time is in decaauts)
 A = Elapsed time spent in this place.
 B = Non-inter-level travel time spent in this place.
 C = Inter-level travel time spent in this place.
 D = Time resting spent in this place.
 E = Time spent auto-exploring this place.
 F = Levels seen in this place.
 G = Mean time per level.
                   A        B        C        D        E       F      G
               +--------+--------+--------+--------+--------+-----+--------+
         Total |  11317 |  10874 |    443 |   2731 |   6102 |  11 | 1028.8 |
       Dungeon |  10966 |  10523 |    443 |   2582 |   5977 |  10 | 1096.6 |
          Lair |    351 |    351 |      0 |    149 |    125 |   1 |  351.0 |
               +--------+--------+--------+--------+--------+-----+--------+

Top non-repeatable levels by time:
    D:10: 1595 daAuts
     D:8: 1318 daAuts
     D:4: 1221 daAuts
     D:2: 1216 daAuts
     D:5: 1099 daAuts
     D:6: 1090 daAuts
     D:9: 1043 daAuts
     D:3: 909 daAuts
     D:7: 764 daAuts
     D:1: 705 daAuts
  Lair:1: 351 daAuts
